 Dungeon Crawl Stone Soup version 0.29.1-2-gbd0b4ee654 (webtiles) character file.

Game seed: 5025140201222604623

25 MaxHasHax6295 the Chopper (level 2, 0/27 HPs)
             Began as a Minotaur Berserker on Nov 1, 2022.
             Was a Follower of Trog.
             Shot with a sling bullet by a goblin (5 damage)
             ... on level 2 of the Dungeon.
             The game lasted 00:01:49 (1963 turns).

MaxHasHax6295 the Chopper (Minotaur Berserker)      Turns: 1963, Time: 00:01:50

Health: 0/27       AC:  0    Str: 21    XL:     2   Next: 86%
Magic:  1/1        EV: 12    Int:  2    God:    Trog [*.....]
Gold:   85         SH:  0    Dex:  9    Spells: 1/1 levels left

rFire   + . .      SeeInvis .   c - +1 broad axe (venom)
rCold   + . .      Faith    .   (no shield)
rNeg    . . .      Spirit   .   (no body armour)
rPois   .          Reflect  .   (helmet restricted)
rElec   .          Harm     .   (no cloak)
rCorr   .          Rampage  .   (no gloves)
Will    .....                   (no boots)
Stlth   +.........              (no amulet)
HPRegen 0.09/turn               (no ring)
MPRegen 0.07/turn               (no ring)

@: no status effects
A: horns 2, retaliatory headbutt, cold resistance 1, dopey 1, fire resistance 1,
sense surroundings 1
a: Renounce Religion, Berserk


You were on level 2 of the Dungeon.
You worshipped Trog.
Trog was aware of your devotion.
You visited 1 branch of the dungeon, and saw 2 of its levels.

You collected 85 gold pieces.

Inventory:

Hand Weapons
 c - a +1 broad axe of venom (weapon)
Armour
 d - the +3 chain mail of the Trees {rC+ SInv}
   (You found it on level 2 of the Dungeon)

   rC:        It protects you from cold.
   SInv:      It lets you see invisible.
Scrolls
 a - a scroll of fog {unknown}
Potions
 b - a potion of haste {unknown}
 e - a potion of mutation
 f - a potion of attraction {unknown}


   Skills:
 + Level 4.0 Fighting
 + Level 4.4 Axes
 + Level 2.5 Armour
 + Level 2.3 Dodging
 + Level 0.3 Stealth


You had one spell level left.
You didn't know any spells.
Your spell library was empty.

Dungeon Overview and Level Annotations

Branches:
Dungeon (2/15)

Altars:


Innate Abilities, Weirdness & Mutations

You have a pair of horns on your head.
You reflexively headbutt those who attack you in melee.
Your flesh is cold resistant. (rC+)
You are dopey. (Int -2)
Your flesh is heat resistant. (rF+)
You passively map a small area around you.


Message History

No target in view!
You start removing your armour.
You continue taking off your +0 ring mail. x4
You finish taking off your +0 ring mail.
You drop a +0 ring mail.
The goblin shouts!
The goblin unwields a +0 club.
The goblin wields a +0 sling.
The goblin shoots a sling bullet.
The sling bullet hits you.
The goblin shoots a sling bullet.
The sling bullet closely misses you.
The goblin shoots a sling bullet.
The sling bullet misses you.
The goblin shoots a sling bullet.
The sling bullet barely misses you.
The goblin unwields a +0 sling.
The goblin wields a +0 club.
The goblin closely misses you.
You barely miss the goblin. The goblin hits you with a +0 club.
You closely miss the goblin.
You headbutt the goblin, but do no damage.
The goblin closely misses you.
A dart slug comes into view.
You barely miss the goblin. The goblin hits you with a +0 club. x2
You are too injured to fight recklessly!
You are too injured to fight recklessly!
You are too injured to fight recklessly!
The goblin unwields a +0 club.
The goblin wields a +0 sling.
The goblin shoots a sling bullet.
The sling bullet hits you.
The goblin shoots a sling bullet.
The sling bullet closely misses you.
The goblin shoots a sling bullet.
The sling bullet closely misses you.
The goblin shoots a sling bullet.
Keep equipping yourself?
Uppercase [Y]es or [N]o only, please.
Keep equipping yourself?
The sling bullet barely misses you.
You start putting on your armour.
You continue putting on the +3 chain mail of the Trees {rC+ SInv}.
The goblin shoots a sling bullet.
The sling bullet hits you.
* * * LOW HITPOINT WARNING * * *
You continue putting on the +3 chain mail of the Trees {rC+ SInv}.
The goblin shoots a sling bullet.
The sling bullet closely misses you.
You continue putting on the +3 chain mail of the Trees {rC+ SInv}.
The goblin shoots a sling bullet.
The sling bullet hits you.
You die...

### ..# * #w# * #g#
* * #.#* , , #.#* *
#.# , #@# ,# * ,
#.##.# , , #[...#
#.#### ##.#######
#########.........
.........#........ *
*#######.###.......,
>,
.........#..###### *


You could see a dart slug and a goblin.

Vanquished Creatures
  3 bats (D:1)
  3 endoplasms
  3 giant cockroaches
  4 goblins
  A hobgoblin (D:1)
  3 ball pythons
  A frilled lizard (D:1)
  2 kobolds
  3 rats
23 creatures vanquished.

Notes
Turn   | Place    | Note
-------+----------+-------------------------------------------
     0 | D:1      | MaxHasHax6295 the Minotaur Berserker began the quest for
                  | the Orb.
     0 | D:1      | Reached XP level 1. HP: 19/19 MP: 0/0
   235 | D:1      | Reached XP level 2. HP: 19/27 MP: 1/1
   606 | D:1      | Gained mutation: Your flesh is heat resistant. (rF+)
                  | [potion of mutation]
   606 | D:1      | Gained mutation: You passively map a small area around you.
                  | [potion of mutation]
   606 | D:1      | Gained mutation: You are dopey. (Int -2) [potion of
                  | mutation]
   606 | D:1      | Gained mutation: Your flesh is cold resistant. (rC+)
                  | [potion of mutation]
  1931 | D:2      | Identified the +3 chain mail of the Trees {rC+ SInv}
  1963 | D:2      | Shot with a sling bullet by a goblin

Illustrated notes

Levels and vault maps discovered:
D:1:      beargit_arrival_greenhouse, layout_rooms
D:2:      layout_loops_ring, basic_altar, kennysheep_small_spiral

Skill      XL: |  1  2 |
---------------+-------+-----
Axes           | 4 |  4.4
Fighting       | 4 |  4.0
Armour         | |  2.5
Dodging        | |  2.3
Stealth        | |  0.3

Action                   || total
-------------------------++-------
Melee: Broad axe         ||    40
       Hand axe          ||     2
       Punch             ||     1
       Headbutt          ||     3
  Use: Scroll            ||     2
       Potion            ||     1
Armor: Animal skin       ||     7
       Ring mail         ||     2
Dodge: Dodged            ||    35
